Oof, chaotic male orcish Barbarian --------- |......`-### |.......| # # ------------ |.......| #### |..........| ---------------- ------------ |..^....-# # #...........-######|...............#########-..........| |.......| ###|.>........| #+..<...........| |..........| --|----.- #-.-.-------- |............`..#########|..........| # ##########%########...............| #...........| ### # # -+-------------- ------------ # # --.----- . |...S..| .. |...@S.| .. |..S...| .. |....... --- -------- Oof the Pillager Experience level: 4 Strength: 18/01 Dexterity: 15 Constitution: 18 Intelligence: 9 Wisdom: 8 Charisma: 6 Health: 0(51) Energy: 5(5) Def: 4 Gold: 144 Moves: 1418 Dungeon seed: -SpnL-gSeoPMqcII Game ID: Oof_1598432656 Your Inventory: Coins $ - 144 gold pieces Weapons a - a corroded +1 battle-axe (weapon in hands) b - a +0 orcish short sword (alternate weapon; not wielded) g - 7 +0 darts Armor e - an uncursed +0 pair of gauntlets of dexterity (being worn) n - an uncursed +0 leather armor (being worn) q - an uncursed +0 orcish helm (being worn) Comestibles c - 4 uncursed food rations d - an uncursed tripe ration Tools j - an uncursed towel k - an uncursed skeleton key Spells and supernatural/magical abilities: Name Level Category Fail Memory W - pray for help -- divine ? -- Your skills at the end: Fighting Skills bare handed combat [Basic] Weapon Skills axe [Basic] short sword [Basic] Spellcasting Skills Final Attributes: You were piously aligned. You were poison resistant. You had infravision. You are dead. Vanquished creatures: a small mimic 2 acid blobs a green mold a gecko a jackal a fox 2 kobolds a goblin 2 grid bugs 2 lichens a kobold zombie 5 newts 20 creatures vanquished. Voluntary challenges: You followed a strict vegan diet. You were an atheist. You used a wielded weapon 24 times, starting on turn 4. You read items or engraved 1 time, starting on turn 1417. You never genocided any monsters. You never polymorphed an object. You never changed form. You used no wishes. You never split a pudding. You never wrote Elbereth's name. You never violated your personal moral code. Dungeon overview: The Dungeons of Doom: levels 1 to 4 Level 1 a sink a long staircase Level 2 an armor shop Level 3 a potion shop, a fountain a long staircase Level 4 <- You were here History has recorded: On T:1 you entered the Dungeons of Doom to retrieve the Amulet of Yendor! On T:369 you reached level 2 of The Dungeons of Doom. On T:777 you advanced to experience level 2. On T:825 you reached level 3 of The Dungeons of Doom. On T:830 you reached level 4 of The Dungeons of Doom. On T:1080 you advanced to experience level 3. On T:1301 you advanced to experience level 4. Score breakdown: Gold: 144 ( 7352 points) Experience: 4 levels ( 9649 points) Exploration: 4 levels ( 8.16%) ( 7500 points) Discoveries: 2 items ( 0.81%) ( 2705 points) Valuables value: (no points given unless you survive) Artifact value: 0 ( 0 points) Variety of kills: 12 monsters ( 3.15%) ( 5324 points) Turncount: 1418 turns ( 0 points) Survival: died (score multiplied by 80%) Total score: 26024 Latest messages: You cannot deal with the bear trap while trapped in it! You are caught in a bear trap. $ - 37 gold pieces. You see here a key. k - a key. The door resists! The door opens. An endless stream of snakes pours forth! The fountain dries up! The water moccasin bites! (3x) You miss the water moccasin. The water moccasin just misses! The water moccasin bites! (5x) You smite the water moccasin! The water moccasin bites! (2x) The water moccasin's bite was poisoned, but doesn't affect you. The water moccasin bites! As you read the scroll, it disappears. Your battle-axe glows blue for a moment. The water moccasin bites! (3x) You miss the water moccasin. The water moccasin bites! The water moccasin's bite was poisoned, but doesn't affect you. The water moccasin bites! You die... Final status: Goodbye Oof the Barbarian, killed by a water moccasin... You died in The Dungeons of Doom on dungeon level 4 with 26024 points, and 144 pieces of gold, after 1418 moves. You were level 4 with a maximum of 51 hit points when you died.